General information
- name: BNet
- type: Ladder team game (AT/RT)
- host: Battle.net
- saver: LegateLanius
map: MarketSquare
- players: 8
- length: 40:24
- speed: Fast
- version: 1.26 W3XP
- replay type: Public
» download(307 KB)
Players
team 1 (loser)

»
Desoangel (
teal | 121 APM | 2222 actions | 18:22)
3 Archmage
1 Summon Water Elemental
2 Brilliance Aura
1 Mountain King
1 Storm Bolt
» actions
| Assign group hotkey | 127 | |
| Basic commands | 169 | |
| Build / train | 63 | |
| ESC pressed | 2 | |
| Enter build submenu | 31 | |
| Enter hero's abilities submenu | 4 | |
| Give item / drop item | 1 | |
| Right click | 776 | |
| Select / deselect | 388 | |
| Select group hotkey | 592 | |
| Use ability | 69 | |
2222 total
» units
| Peasant | 19 | |
| Footman | 4 | |
| Rifleman | 13 | |
| Sorceress | 4 | |
40 total
» upgrades
| Lumber Harvesting | 1 | |
| Long Rifles | 1 | |
| Magic Sentry | 1 | |
| Sorceress Training | 2 | |
5 total
» buildings
| Altar of Kings | 1 | |
| Farm | 15 | |
| Barracks | 2 | |
| Scout Tower | 7 | |
| Blacksmith | 1 | |
| Arcane Tower | 2 | |
| Keep | 1 | |
| Lumber Mill | 1 | |
| Town Hall | 2 | |
| Arcane Sanctum | 1 | |
| Guard Tower | 5 | |
| Castle | 1 | |
| Arcane Vault | 1 | |
40 total
» build order
00:13 Altar of Kings
01:00 Farm
01:18 Barracks
01:40 Farm
02:09 Scout Tower
02:12 Farm
02:26 Blacksmith
02:51 Arcane Tower
04:33 Farm
04:55 Keep
05:15 Lumber Mill
07:21 Town Hall
07:27 Barracks
07:40 Farm
07:43 Farm
08:09 Arcane Sanctum
08:15 Farm
08:17 Farm
08:18 Farm
08:19 Farm
08:19 Farm
08:49 Scout Tower
09:23 Scout Tower
09:25 Farm
09:41 Guard Tower
10:33 Farm
10:34 Scout Tower
11:11 Guard Tower
11:30 Castle
11:46 Scout Tower
11:47 Guard Tower
11:49 Farm
13:02 Guard Tower
13:05 Farm
14:05 Scout Tower
14:09 Scout Tower
14:42 Arcane Vault
14:45 Guard Tower
14:47 Arcane Tower
16:34 Town Hall
» items

»
zZzLobstersleep (
orange | 22 APM | 616 actions | 28:14)
5 Lich
3 Frost Nova
2 Dark Ritual
» actions
| Basic commands | 3 | |
| Build / train | 60 | |
| Enter build submenu | 17 | |
| Enter hero's abilities submenu | 5 | |
| Right click | 225 | |
| Select / deselect | 281 | |
| Use ability | 25 | |
616 total
» units
| Acolyte | 10 | |
| Ghoul | 11 | |
| Frost Wyrm | 17 | |
38 total
» upgrades
| Creature Attack | 3 | |
| Creature Carapace | 3 | |
| Freezing Breath | 1 | |
7 total
» buildings
| Ziggurat | 9 | |
| Crypt | 1 | |
| Graveyard | 1 | |
| Nerubian Tower | 1 | |
| Spirit Tower | 6 | |
| Altar of Darkness | 1 | |
| Halls of the Dead | 1 | |
| Sacrificial Pit | 1 | |
| Black Citadel | 1 | |
| Boneyard | 2 | |
| Town Hall | 1 | |
| Necropolis | 1 | |
26 total
» build order
00:08 Ziggurat
00:11 Crypt
00:52 Graveyard
01:18 Ziggurat
01:59 Ziggurat
02:09 Nerubian Tower
03:04 Spirit Tower
03:26 Spirit Tower
04:39 Ziggurat
04:44 Ziggurat
04:50 Ziggurat
05:37 Spirit Tower
05:39 Spirit Tower
05:47 Spirit Tower
06:38 Altar of Darkness
06:43 Ziggurat
07:47 Spirit Tower
09:11 Halls of the Dead
12:29 Sacrificial Pit
12:57 Black Citadel
15:42 Boneyard
15:46 Boneyard
19:50 Ziggurat
21:01 Town Hall
21:58 Ziggurat
23:43 Necropolis

»
EveryoneSucks (
purple | 46 APM | 861 actions | 18:33)
5 Dark Ranger
2 Black Arrow
3 Silence
» actions
| Assign group hotkey | 29 | |
| Basic commands | 45 | |
| Build / train | 55 | |
| Enter build submenu | 18 | |
| Enter hero's abilities submenu | 5 | |
| Remove unit from queue | 2 | |
| Right click | 156 | |
| Select / deselect | 230 | |
| Select group hotkey | 294 | |
| Use ability | 27 | |
861 total
» units
| Acolyte | 15 | |
| Ghoul | 8 | |
| Crypt Fiend | 4 | |
| Frost Wyrm | 5 | |
32 total
» upgrades
| Creature Attack | 3 | |
| Freezing Breath | 1 | |
| Creature Carapace | 2 | |
6 total
» buildings
| Crypt | 1 | |
| Ziggurat | 10 | |
| Graveyard | 1 | |
| Altar of Darkness | 1 | |
| Halls of the Dead | 1 | |
| Black Citadel | 1 | |
| Sacrificial Pit | 2 | |
| Boneyard | 3 | |
| Nerubian Tower | 3 | |
| Spirit Tower | 3 | |
26 total
» build order
00:09 Crypt
00:10 Ziggurat
00:47 Graveyard
01:07 Ziggurat
01:58 Altar of Darkness
02:48 Ziggurat
03:32 Halls of the Dead
05:19 Ziggurat
05:20 Ziggurat
06:09 Black Citadel
06:37 Sacrificial Pit
08:13 Sacrificial Pit
09:02 Boneyard
09:03 Boneyard
09:05 Boneyard
09:52 Ziggurat
09:53 Ziggurat
09:54 Ziggurat
11:43 Ziggurat
11:51 Ziggurat
13:36 Nerubian Tower
13:37 Spirit Tower
13:39 Nerubian Tower
13:41 Spirit Tower
13:43 Nerubian Tower
16:25 Spirit Tower
» items
LegateLanius (
red | 82 APM | 3310 actions | 40:24)
8 Blood Mage
3 Flame Strike
3 Siphon Mana
1 Summon Phoenix
1 Banish
» actions
| Assign group hotkey | 40 | |
| Basic commands | 80 | |
| Build / train | 200 | |
| ESC pressed | 7 | |
| Enter build submenu | 56 | |
| Enter hero's abilities submenu | 8 | |
| Give item / drop item | 6 | |
| Right click | 1416 | |
| Select / deselect | 669 | |
| Select group hotkey | 589 | |
| Use ability | 239 | |
3310 total
» units
| Peasant | 29 | |
| Footman | 12 | |
| Sorceress | 3 | |
| Dragonhawk Rider | 14 | |
| Gryphon Rider | 13 | |
71 total
» upgrades
| Defend | 1 | |
| Masonry | 4 | |
| Backpack | 1 | |
| Lumber Harvesting | 2 | |
| Swords | 3 | |
| Armor | 3 | |
| Sorceress Training | 2 | |
| Magic Sentry | 1 | |
| Animal War Training | 1 | |
| Storm Hammers | 1 | |
| Cloud | 1 | |
| Gunpowder | 2 | |
| Plating | 2 | |
| Priest Training | 2 | |
| Control Magic | 1 | |
| Long Rifles | 1 | |
28 total
» buildings
| Altar of Kings | 1 | |
| Barracks | 1 | |
| Farm | 14 | |
| Lumber Mill | 1 | |
| Town Hall | 5 | |
| Arcane Vault | 1 | |
| Scout Tower | 24 | |
| Guard Tower | 25 | |
| Arcane Tower | 2 | |
| Keep | 7 | |
| Blacksmith | 1 | |
| Castle | 4 | |
| Arcane Sanctum | 1 | |
| Gryphon Aviary | 2 | |
89 total
» build order
00:03 Altar of Kings
00:08 Barracks
00:12 Farm
01:16 Farm
02:27 Farm
02:28 Farm
03:21 Lumber Mill
03:29 Town Hall
03:57 Farm
04:41 Arcane Vault
04:52 Scout Tower
04:55 Scout Tower
04:57 Scout Tower
05:20 Guard Tower
05:21 Guard Tower
05:21 Guard Tower
05:21 Guard Tower
05:22 Guard Tower
05:32 Guard Tower
05:43 Scout Tower
05:59 Scout Tower
06:32 Arcane Tower
06:41 Keep
06:41 Keep
06:42 Keep
07:19 Scout Tower
07:20 Scout Tower
07:24 Scout Tower
08:11 Guard Tower
08:13 Blacksmith
08:39 Arcane Tower
09:13 Castle
09:13 Castle
09:54 Arcane Sanctum
10:38 Gryphon Aviary
10:39 Gryphon Aviary
13:37 Scout Tower
13:37 Scout Tower
15:00 Guard Tower
16:04 Farm
16:05 Farm
16:12 Farm
18:50 Town Hall
19:06 Keep
20:10 Keep
20:10 Keep
20:27 Farm
21:44 Farm
22:28 Farm
22:49 Farm
22:49 Farm
24:26 Town Hall
25:34 Castle
25:39 Town Hall
25:41 Scout Tower
25:41 Scout Tower
25:43 Scout Tower
25:43 Scout Tower
26:20 Guard Tower
26:20 Guard Tower
26:20 Guard Tower
26:33 Farm
26:41 Scout Tower
26:42 Scout Tower
27:08 Guard Tower
27:08 Guard Tower
28:05 Guard Tower
28:05 Guard Tower
32:03 Keep
34:08 Scout Tower
34:08 Scout Tower
34:19 Town Hall
34:20 Scout Tower
34:22 Scout Tower
34:24 Scout Tower
34:25 Scout Tower
35:17 Guard Tower
35:18 Guard Tower
37:06 Scout Tower
37:08 Scout Tower
37:40 Guard Tower
» items
| Scroll of Regeneration | 13 | |
| Mechanical Critter | 2 | |
| Staff of Teleportation | 1 | |
| Potion of Invisibility | 5 | |
| Boots of Speed | 1 | |
| Lesser Clarity Potion | 8 | |
| Potion of Healing | 7 | |
| Potion of Mana | 1 | |
| Scroll of Town Portal | 8 | |
| Orb of Fire | 1 | |
47 total
team 2 (winner)

»
JayDee (
green | 99 APM | 3933 actions | 39:47)
7 Mountain King
3 Storm Bolt
3 Bash
1 Avatar
7 Paladin
3 Holy Light
3 Divine Shield
1 Resurrection
» actions
| Assign group hotkey | 505 | |
| Basic commands | 71 | |
| Build / train | 100 | |
| Enter build submenu | 40 | |
| Enter hero's abilities submenu | 14 | |
| Give item / drop item | 3 | |
| Right click | 2035 | |
| Select / deselect | 591 | |
| Select group hotkey | 436 | |
| Use ability | 135 | |
3933 total
» units
| Peasant | 18 | |
| Footman | 3 | |
| Rifleman | 10 | |
| Gryphon Rider | 16 | |
47 total
» upgrades
| Gunpowder | 3 | |
| Long Rifles | 1 | |
| Armor | 3 | |
| Lumber Harvesting | 2 | |
| Magic Sentry | 1 | |
| Animal War Training | 1 | |
| Storm Hammers | 1 | |
| Swords | 2 | |
14 total
» buildings
| Altar of Kings | 1 | |
| Farm | 13 | |
| Barracks | 1 | |
| Scout Tower | 8 | |
| Blacksmith | 2 | |
| Arcane Tower | 1 | |
| Arcane Vault | 2 | |
| Keep | 1 | |
| Lumber Mill | 1 | |
| Castle | 1 | |
| Arcane Sanctum | 1 | |
| Guard Tower | 3 | |
| Gryphon Aviary | 3 | |
| Town Hall | 2 | |
40 total
» build order
00:19 Altar of Kings
00:20 Farm
00:32 Barracks
01:17 Farm
01:44 Scout Tower
02:03 Blacksmith
02:37 Farm
02:39 Arcane Tower
03:00 Arcane Vault
03:03 Arcane Vault
04:11 Farm
05:01 Keep
06:58 Farm
07:00 Farm
08:37 Lumber Mill
08:52 Farm
08:53 Farm
09:46 Castle
13:25 Scout Tower
13:25 Scout Tower
13:28 Scout Tower
13:34 Arcane Sanctum
14:11 Guard Tower
14:12 Scout Tower
14:14 Scout Tower
14:15 Scout Tower
14:20 Farm
14:23 Scout Tower
15:10 Guard Tower
15:18 Gryphon Aviary
15:20 Gryphon Aviary
15:23 Guard Tower
15:25 Farm
15:26 Farm
20:21 Farm
22:57 Town Hall
25:16 Blacksmith
25:25 Farm
28:58 Town Hall
30:37 Gryphon Aviary
» items
| Lesser Clarity Potion | 2 | |
| Scroll of Regeneration | 5 | |
| Boots of Speed | 1 | |
| Potion of Healing | 3 | |
| Potion of Mana | 2 | |
| Scroll of Town Portal | 3 | |
| Orb of Fire | 1 | |
17 total
Nin9 (
blue | 40 APM | 1392 actions | 34:36)
7 Death Knight
3 Death Coil
3 Unholy Aura
1 Animate Dead
6 Lich
3 Frost Nova
1 Frost Armor
1 Dark Ritual
1 Death and Decay
» actions
| Assign group hotkey | 30 | |
| Basic commands | 1 | |
| Build / train | 113 | |
| Enter build submenu | 26 | |
| Enter hero's abilities submenu | 13 | |
| Give item / drop item | 1 | |
| Remove unit from queue | 2 | |
| Right click | 645 | |
| Select / deselect | 360 | |
| Select group hotkey | 121 | |
| Use ability | 80 | |
1392 total
» units
| Acolyte | 35 | |
| Ghoul | 6 | |
| Crypt Fiend | 7 | |
| Frost Wyrm | 6 | |
| Gargoyle | 9 | |
63 total
» upgrades
| Creature Attack | 3 | |
| Web | 1 | |
| Burrow | 1 | |
| Creature Carapace | 3 | |
| Freezing Breath | 2 | |
10 total
» buildings
| Crypt | 1 | |
| Ziggurat | 12 | |
| Altar of Darkness | 1 | |
| Tomb of Relics | 1 | |
| Graveyard | 1 | |
| Halls of the Dead | 3 | |
| Sacrificial Pit | 1 | |
| Black Citadel | 3 | |
| Boneyard | 3 | |
| Nerubian Tower | 1 | |
| Spirit Tower | 3 | |
30 total
» build order
00:28 Crypt
00:35 Ziggurat
00:49 Altar of Darkness
01:18 Tomb of Relics
01:24 Graveyard
02:39 Ziggurat
02:57 Halls of the Dead
02:57 Halls of the Dead
05:18 Ziggurat
05:35 Sacrificial Pit
06:54 Ziggurat
07:50 Black Citadel
07:50 Black Citadel
10:53 Ziggurat
10:56 Ziggurat
11:05 Boneyard
11:11 Boneyard
12:10 Boneyard
13:56 Nerubian Tower
14:00 Spirit Tower
14:45 Spirit Tower
18:15 Ziggurat
22:42 Ziggurat
22:44 Ziggurat
22:45 Ziggurat
30:42 Ziggurat
30:43 Ziggurat
» items
| Rod of Necromancy | 2 | |
| Orb of Corruption | 1 | |
| Potion of Healing | 3 | |
| Scroll of Town Portal | 1 | |
7 total
AkoTheLegend (
yellow | 112 APM | 4501 actions | 40:10)
3 Archmage
2 Blizzard
1 Brilliance Aura
4 Blood Mage
2 Flame Strike
2 Siphon Mana
» actions
| Assign group hotkey | 422 | |
| Basic commands | 202 | |
| Build / train | 120 | |
| ESC pressed | 15 | |
| Enter build submenu | 25 | |
| Enter hero's abilities submenu | 8 | |
| Give item / drop item | 2 | |
| Right click | 1891 | |
| Select / deselect | 644 | |
| Select group hotkey | 1009 | |
| Use ability | 163 | |
4501 total
» units
| Peasant | 33 | |
| Mortar Team | 11 | |
| Sorceress | 5 | |
| Flying Machine | 25 | |
74 total
» upgrades
| Gunpowder | 3 | |
| Lumber Harvesting | 1 | |
| Flare | 1 | |
| Fragmentation Shards | 1 | |
| Sorceress Training | 2 | |
| Armor | 2 | |
| Flak Cannons | 1 | |
| Flying Machine Bombs | 1 | |
| Plating | 1 | |
13 total
» buildings
| Altar of Kings | 1 | |
| Farm | 16 | |
| Keep | 2 | |
| Lumber Mill | 1 | |
| Castle | 2 | |
| Town Hall | 2 | |
| Blacksmith | 1 | |
| Workshop | 3 | |
| Arcane Sanctum | 1 | |
| Arcane Vault | 1 | |
30 total
» build order
00:09 Altar of Kings
00:13 Farm
02:12 Keep
02:13 Keep
03:22 Farm
03:25 Lumber Mill
04:20 Farm
05:23 Farm
06:14 Castle
06:16 Farm
06:17 Farm
06:22 Town Hall
06:56 Blacksmith
08:24 Workshop
08:25 Workshop
09:00 Arcane Sanctum
09:42 Workshop
10:21 Farm
10:22 Farm
10:24 Farm
10:25 Farm
10:25 Farm
10:26 Farm
16:33 Arcane Vault
25:19 Farm
25:21 Farm
25:22 Farm
25:23 Farm
29:57 Town Hall
» items
| Staff of Teleportation | 3 | |
| Boots of Speed | 2 | |
| Scroll of Town Portal | 3 | |
| Staff of Sanctuary | 1 | |
| Scroll of Regeneration | 2 | |
| Potion of Healing | 1 | |
| Ivory Tower | 1 | |
13 total
IHopeYouDance (
pink | 64 APM | 2597 actions | 40:24)
7 Blood Mage
3 Flame Strike
2 Siphon Mana
1 Summon Phoenix
1 Banish
» actions
| Assign group hotkey | 176 | |
| Basic commands | 271 | |
| Build / train | 105 | |
| Enter build submenu | 42 | |
| Enter hero's abilities submenu | 7 | |
| Give item / drop item | 9 | |
| Right click | 1020 | |
| Select / deselect | 478 | |
| Select group hotkey | 324 | |
| Use ability | 165 | |
2597 total
» units
| Peasant | 12 | |
| Footman | 8 | |
| Sorceress | 3 | |
| Gryphon Rider | 10 | |
33 total
» upgrades
| Defend | 1 | |
| Lumber Harvesting | 2 | |
| Masonry | 3 | |
| Sorceress Training | 1 | |
| Magic Sentry | 1 | |
| Swords | 3 | |
| Armor | 3 | |
| Animal War Training | 1 | |
| Storm Hammers | 1 | |
16 total
» buildings
| Altar of Kings | 1 | |
| Barracks | 1 | |
| Farm | 13 | |
| Arcane Vault | 1 | |
| Keep | 1 | |
| Lumber Mill | 1 | |
| Town Hall | 2 | |
| Scout Tower | 17 | |
| Guard Tower | 15 | |
| Arcane Sanctum | 1 | |
| Blacksmith | 1 | |
| Castle | 1 | |
| Gryphon Aviary | 6 | |
61 total
» build order
00:55 Altar of Kings
00:57 Barracks
01:07 Farm
01:09 Farm
01:12 Farm
02:34 Farm
03:09 Arcane Vault
04:05 Keep
04:51 Lumber Mill
05:31 Town Hall
05:35 Scout Tower
05:35 Scout Tower
05:40 Scout Tower
05:42 Scout Tower
06:03 Guard Tower
06:03 Guard Tower
06:03 Guard Tower
06:04 Guard Tower
06:06 Guard Tower
06:07 Guard Tower
06:07 Guard Tower
06:10 Guard Tower
06:46 Arcane Sanctum
07:41 Blacksmith
09:55 Scout Tower
09:56 Scout Tower
09:56 Scout Tower
10:00 Scout Tower
10:01 Scout Tower
10:03 Scout Tower
10:04 Scout Tower
10:33 Guard Tower
10:36 Scout Tower
10:36 Scout Tower
10:38 Scout Tower
11:09 Guard Tower
11:39 Guard Tower
11:39 Guard Tower
11:55 Guard Tower
11:57 Scout Tower
11:58 Scout Tower
11:59 Scout Tower
12:49 Guard Tower
12:51 Castle
16:41 Gryphon Aviary
16:41 Gryphon Aviary
16:42 Gryphon Aviary
16:42 Gryphon Aviary
20:34 Farm
20:35 Farm
20:35 Farm
20:35 Farm
21:05 Farm
21:06 Farm
21:06 Farm
21:32 Farm
21:35 Farm
22:50 Town Hall
29:47 Gryphon Aviary
29:47 Gryphon Aviary
» items
| Scroll of Regeneration | 6 | |
| Boots of Speed | 1 | |
| Potion of Invisibility | 2 | |
| Staff of Teleportation | 3 | |
| Periapt of Vitality | 1 | |
| Potion of Mana | 2 | |
| Potion of Healing | 3 | |
| Lesser Clarity Potion | 1 | |
| Scroll of Town Portal | 10 | |
29 total
Chat log
(00:07 / All) Desoangel: ako, pinoy?
(00:16 / Allies) EveryoneSucks: hi
(00:16 / All) AkoTheLegend: hmm?
(00:26 / 10) LegateLanius: Desoangel
(00:30 / All) AkoTheLegend: pinoy who
(00:31 / 10) LegateLanius: Rape the shit out of him this game IMO
(00:36 / 10) LegateLanius: bot left outside
(01:24 / 9) IHopeYouDance: we're next to each other
(01:27 / 10) LegateLanius: Good
(01:36 / 10) LegateLanius: Makes things simple
(01:44 / 9) IHopeYouDance: is next base over orc?
(01:51 / 10) LegateLanius: up from me is UD
(01:54 / 9) IHopeYouDance: good
(02:04 / 9) IHopeYouDance: i'll take bot middle
(02:05 / 10) LegateLanius: top right is UD too
(02:07 / 9) IHopeYouDance: expo
(02:14 / 10) LegateLanius: Desoangel from last game is top left inside
(02:23 / 9) IHopeYouDance: who was desoangel
(02:45 / 10) LegateLanius: Green
(02:49 / 9) IHopeYouDance: ah
(02:59 / Allies) EveryoneSucks: go help
(03:00 / Allies) Desoangel: coming
(03:03 / 9) IHopeYouDance: he needs a loss
(03:09 / All) AkoTheLegend: wheres ur altar bud
(03:22 / Allies) EveryoneSucks: towers
(03:51 / 10) LegateLanius: I got bot left expo
(04:00 / 9) IHopeYouDance: yeah I'll take the one to the right of it
(04:02 / All) AkoTheLegend: dont b silly like that bRO
(04:38 / 9) IHopeYouDance: I'm gonan creep mid
(04:44 / 9) IHopeYouDance: can't let teal creep mid
(06:29 / Allies) EveryoneSucks: hero orange??
(07:27 / All) zZzLobstersleep: taco the legend mh
(07:29 / All) zZzLobstersleep: :0
(07:34 / 10) LegateLanius: teal expo top left
(07:53 / 9) IHopeYouDance: charge
(07:57 / Allies) Desoangel: you get boots
(08:30 / Allies) Desoangel: b
(08:35 / 10) LegateLanius: any Ud on your team?
(08:56 / 10) LegateLanius: I see blue's expo with a critter
(09:22 / Allies) EveryoneSucks: remind me why we helped oj
(09:34 / 10) LegateLanius: He's gonna think I maphacked lol
(10:02 / 10) LegateLanius: purple expo mid left
(10:08 / 10) LegateLanius: he is the UD
(11:20 / Allies) LegateLanius: wyrms
(14:09 / Allies) EveryoneSucks: gold??
(14:26 / Allies) EveryoneSucks: red can i have some gold
(14:34 / Allies) LegateLanius: You could.
(16:36 / All) IHopeYouDance: lol
(16:39 / Allies) Desoangel: can we just hit?
(17:05 / Allies) Desoangel: this shit is just stupid
(17:14 / 9) IHopeYouDance: these are good players
(17:18 / 9) IHopeYouDance: blocking off bases and shit
(17:46 / All) LegateLanius: haha
(18:05 / All) IHopeYouDance: lol run
(18:25 / All) LegateLanius: HAHAHAHA
(18:30 / All) EveryoneSucks: orange is worthles
(18:32 / All) LegateLanius: Teal got stuck in my expo and left
(18:43 / All) IHopeYouDance: I was gonna kill his arch mage lawl
(18:47 / All) IHopeYouDance: he would have tped for no reason
(19:10 / All) AkoTheLegend: oops
(19:43 / 9) IHopeYouDance: green coming rifles
(20:14 / 10) LegateLanius: fucking help, god dammit
(20:28 / 9) IHopeYouDance: oh he halled you?
(20:38 / 10) LegateLanius: yes and then green killed my BM
(20:40 / 9) IHopeYouDance: wppod
(21:00 / 9) IHopeYouDance: they just gave me 2k wood
(21:14 / 10) LegateLanius: and now my expo is dying
(21:55 / 9) IHopeYouDance: making units now
(21:59 / 9) IHopeYouDance: where is orange
(22:07 / 10) LegateLanius: his base
(22:13 / 10) LegateLanius: he has a lot of wyrms
(22:23 / 9) IHopeYouDance: tell him to attack the expansions
(22:28 / 9) IHopeYouDance: bot right and right mid
(22:32 / 9) IHopeYouDance: or actually
(22:34 / Allies) LegateLanius: hit bot right and right mid expos orange
(22:35 / 9) IHopeYouDance: just let him stay in his base
(23:33 / 10) LegateLanius: gonna try to expo mid left don't scout it
(23:40 / 9) IHopeYouDance: blue is near there
(23:51 / 9) IHopeYouDance: he has
(23:51 / 9) IHopeYouDance: shade
(23:54 / 9) IHopeYouDance: following your bm
(25:50 / 10) LegateLanius: help wtf
(25:56 / 9) IHopeYouDance: killing green
(26:40 / 9) IHopeYouDance: tell orange to kill yellow
(26:43 / 9) IHopeYouDance: I got green occupied
(26:47 / Allies) LegateLanius: kill yellow
(26:53 / 9) IHopeYouDance: or that
(28:01 / 9) IHopeYouDance: tell him to kill blue
(28:16 / 10) LegateLanius: Already told him to kill yellow, he is a clueless wyrmbot
(28:20 / 10) LegateLanius: He just ragequit
(28:33 / All) LegateLanius: You all lost. You can leave now.
(28:35 / 9) IHopeYouDance: he lose all of them?
(28:41 / 10) LegateLanius: yes
(29:41 / 9) IHopeYouDance: hit yellow
(30:06 / 9) IHopeYouDance: out
(30:49 / 10) LegateLanius: where is blue's army?
(30:57 / 9) IHopeYouDance: your base
(31:01 / 10) LegateLanius: help
(31:04 / 10) LegateLanius: I can't take him alone
(31:22 / 9) IHopeYouDance: omw
(32:23 / 10) LegateLanius: not my bm
(32:58 / 10) LegateLanius: Thanks, good job
(33:11 / All) LegateLanius: You lost. Leave.
(33:33 / All) Nin9: why are you still talking
(33:39 / All) LegateLanius: Because I beat all of you 1v4.
(33:44 / All) Nin9: no cares what comes out of your mouth
(33:52 / All) LegateLanius: No seems like a good guy.
(33:53 / All) LegateLanius: I like No.
(34:07 / 9) IHopeYouDance: mid bot expo
(34:40 / 10) LegateLanius: rebuilding my army first
(34:41 / All) LegateLanius: Bye.
(35:03 / All) IHopeYouDance: I ain't even mad
(35:05 / All) IHopeYouDance: I still got 12k
(35:15 / All) LegateLanius: I will hang all of you to a cross facing westward so you may watch your world burn beneath the setting sun.
(35:27 / All) LegateLanius: I am the Legatus Lanius and he is the Caesar.
(35:32 / All) LegateLanius: You cannot defeat Caesar's Legion.
(35:41 / All) LegateLanius: IN HOC SIGNO TAURI VINCES
(36:33 / 9) IHopeYouDance: tp to your expo
(36:40 / 10) LegateLanius: tping
(36:55 / All) LegateLanius: Gangbanged.
(37:31 / 9) IHopeYouDance: middle
(38:08 / All) IHopeYouDance: green's base
(38:12 / All) LegateLanius: kk
(38:14 / All) IHopeYouDance: no towers
(38:37 / All) AkoTheLegend: xD\
(38:39 / All) IHopeYouDance: leave fags
(38:41 / All) IHopeYouDance: you lost
(38:42 / All) LegateLanius: You can all leave.
(38:50 / All) AkoTheLegend: nice gangbang!
(38:56 / All) LegateLanius: Thanks sister.
(39:20 / 9) IHopeYouDance: got tp?
(39:43 / All) JayDee: well fuck off
(39:47 / All) JayDee: u all suck
(39:51 / All) LegateLanius: He mad.
(39:52 / All) AkoTheLegend: haha
(39:55 / All) AkoTheLegend: yep
(40:00 / All) AkoTheLegend: nice troll
(40:01 / All) AkoTheLegend: gg!
(40:05 / All) LegateLanius: Thanks, bye.
(40:07 / All) LegateLanius: out.
(40:11 / All) IHopeYouDance: hahaha
(40:19 / All) IHopeYouDance: teal needs loss
(40:20 / All) LegateLanius: I say my team should get the loss
(40:22 / All) LegateLanius: yeah